 Dungeon Crawl Stone Soup version 0.19-a0-4-ga5c5ac4 (webtiles) character file.

29008 ololoev the Earth Mage (level 13, -13/70 HPs)
             Began as a Gargoyle Earth Elementalist on Apr 28, 2016.
             Was a High Priest of Vehumet.
             Killed from afar by Azrael (19 damage)
             ... with a bolt of fire
             ... on level 15 of the Dungeon.
             The game lasted 02:15:36 (19225 turns).

ololoev the Earth Mage (GrEE)                      Turns: 19225, Time: 02:15:38

Health: -13/70     AC: 16    Str: 12    XL:     13   Next: 42%
Magic:  18/29      EV: 11    Int: 25    God:    Vehumet [*****.]
Gold:   799        SH:  0    Dex: 10    Spells: 4 memorised, 26 levels left

rFire  . . .     SeeInvis .     b - 272 stones
rCold  . . .     Gourm    .     T - +0 troll leather armour
rNeg   + . .     Faith    .     (no shield)
rPois  ∞         Spirit   .     (no helmet)
rElec  +         Dismiss  .     O - +0 cloak
rCorr  .         Reflect  .     (no gloves)
SustAt .         Harm     .     q - +1 pair of boots
MR     +....                    A - amulet of regeneration
Stlth  ++........               C - +2 ring of intelligence
                                h - ring of protection from magic

@: somewhat resistant to hostile enchantments, unstealthy
A: hooves 1, clever 1, negative energy resistance 1, electricity resistance,
unbreathing, petrification resistance, rot immunity, AC +9
a: Renounce Religion


Innate Abilities, Weirdness & Mutations

You are resistant to torment.
Your stone body is resilient (AC +9).
You are immune to poison.
You resist negative energy.
You are resistant to electric shocks.
You can survive without breathing.
You are immune to petrification.
You are immune to rotting.
You have large cloven feet.
Your mind is acute. (Int +2)

Inventory:

Hand Weapons
 a - a +5 quarterstaff of protection
Missiles
 b - 272 stones (in hand)
Armour
 q - a +1 pair of boots (worn)
 O - a +0 cloak (worn)
 R - a cursed +0 buckler
 T - a +0 troll leather armour (worn)
Jewellery
 h - a ring of protection from magic (left hand)
 A - an amulet of regeneration (around neck)
 C - a +2 ring of intelligence (right hand)
 F - an uncursed ring of wizardry
Wands
 e - a wand of iceblast (15/15)
 z - a wand of acid (5/15)
Scrolls
 i - 3 scrolls of teleportation
 l - 2 scrolls of amnesia
 w - a scroll of immolation
 G - 4 scrolls of fear
 I - a scroll of blinking {unknown}
 K - a scroll of magic mapping
 L - 2 scrolls of remove curse
 P - 3 scrolls of enchant weapon
 Q - a scroll of summoning {unknown}
 S - a scroll of noise {unknown}
Potions
 f - 4 potions of flight
 j - 3 potions of berserk rage
 k - 2 potions of invisibility {unknown}
 o - 6 potions of haste
 r - 2 potions of heal wounds
 s - a potion of magic
 u - 4 potions of agility
 v - a potion of cure mutation
 x - 2 potions of mutation {unknown}
 B - 2 potions of resistance {unknown}
 D - 3 potions of curing
 E - 2 potions of ambrosia {unknown}
 H - 4 potions of brilliance {unknown}
 M - 2 potions of might {unknown}
Books
 c - a book of Geomancy

   Spells                             Type                      Level
   a - Sandblast                      Earth                        1
   b - Passwall                       Transmutation/Earth          2
   c - Stone Arrow                    Conjuration/Earth            3
   d - Petrify                        Transmutation/Earth          4
   e - Lee's Rapid Deconstruction     Earth                        5
Comestibles
 d - 6 bread rations
 m - 9 meat rations
 n - 8 slices of pizza
 p - 3 beef jerkies
 t - 8 fruits
 J - 6 royal jellies


   Skills:
 + Level 4.1 Fighting
 - Level 1.5 Dodging
 - Level 2.1 Stealth
 * Level 4.4 Shields
 * Level 12.5 Spellcasting
 + Level 10.3 Conjurations
 - Level 0.7 Transmutations
 * Level 16.1 Earth Magic


You had 26 spell levels left.
You knew the following spells:

 Your Spells              Type           Power        Failure   Level  Hunger
a - Sandblast             Erth           ######       0%          1    None
b - Stone Arrow           Conj/Erth      ######       1%          3    None
c - Lee's Rapid Deconstr  Erth           #######...   1%          5    ###....
w - Passwall              Trmt/Erth      ######....   1%          2    None


You were on level 15 of the Dungeon.
You worshipped Vehumet.
Vehumet was extremely pleased with you.
You were not hungry.

You visited 1 branch of the dungeon, and saw 15 of its levels.
You also visited: Sewer.

You collected 799 gold pieces.

..........#....#....#,,,,*
..........#....#§...#,,,,*
..........#....#§...#,,,,*
..........#....#E§..*,,,,*
..........#....#§§.,#....#
#######........##§###....#
...............#§R§.+....#
...............#EEE.#....#
...............#@EE.#....#
..........#..............#
#######...#..............#
......#...#..............#
......#.(.#..............#
......#(.(######.........#
##'####((.#....#.........#
......#..<#....#####.....#
......#...#..............#

Notes
Turn   | Place    | Note
--------------------------------------------------------------
     0 | D:1      | ololoev the Gargoyle Earth Elementalist began the quest for the Orb.
     0 | D:1      | Reached XP level 1. HP: 10/10 MP: 3/3
    57 | D:1      | Goblin1989: чота ад какой-то в зоте панлорлды у меня устроили. или дискотеку. пришли штуки 3 одновременно
   236 | D:1      | ololoev: бывает
   264 | D:1      | Reached XP level 2. HP: 15/15 MP: 1/5
   308 | D:1      | Learned a level 2 spell: Passwall
   344 | D:1      | Goblin1989: рю может оказаться довольно веселым. если правильные жертвы ему давать
   348 | D:1      | Reached skill level 4 in Earth Magic
   622 | D:1      | Goblin1989: это получается первой я ему артефакты отдал
  1165 | D:2      | Reached XP level 3. HP: 11/19 MP: 1/7
  1167 | D:2      | Goblin1989: второй снизил МП, потом -3 ев, потом кричащий и отсутствие стелса. этого хватило
  1171 | D:2      | Learned a level 3 spell: Stone Arrow
  1338 | D:2      | Goblin1989: относительно нормально
  1616 | D:2      | Reached XP level 4. HP: 24/24 MP: 4/8
  1849 | D:2      | Goblin1989: слушай. а нельзясделать так чтобы тайл персонажа менялся с уровнем?
  1849 | D:2      | Reached skill level 5 in Earth Magic
  1853 | D:2      | Goblin1989: ну как орки беогха к примеру
  1853 | D:2      | ololoev: хз, не пробовал
  1853 | D:2      | ololoev: если может и можно, надо помудрить с .рс
  2444 | D:2      | Goblin1989: а в те строчки, которые у тебя к примеру тайл дипэльфа меняют нельзя дописать условия по уровням?
  2444 | D:2      | Goblin1989: ну типа орк-файтер такого-то уровня такой тай, а с такого-то уровня другой уже
  2444 | D:2      | ololoev: можно, но я не знаю как уровень получить
  2841 | D:2      | Reached XP level 5. HP: 27/28 MP: 7/10
  2911 | D:3      | Found a deep blue altar of Sif Muna.
  3510 | D:3      | Found a snail-covered altar of Cheibriados.
  3513 | D:3      | Found a radiant altar of Vehumet.
  3517 | D:3      | Became a worshipper of Vehumet
  3521 | D:3      | Found a shadowy altar of Dithmenos.
  3529 | D:3      | Learned a level 5 spell: Lee's Rapid Deconstruction
  4584 | D:4      | Reached skill level 1 in Conjurations
  4584 | D:4      | Reached skill level 6 in Earth Magic
  4584 | D:4      | Reached XP level 6. HP: 32/32 MP: 0/12
  5164 | D:4      | Reached XP level 7. HP: 36/36 MP: 3/14
  5291 | D:4      | Reached skill level 7 in Earth Magic
  5588 | D:5      | Entered Level 5 of the Dungeon
  5836 | D:5      | Found a blossoming altar of Fedhas.
  5993 | D:5      | Reached skill level 5 in Spellcasting
  6352 | D:5      | Reached skill level 8 in Earth Magic
  6352 | D:5      | Reached XP level 8. HP: 41/41 MP: 9/16
  6577 | D:6      | Found a glowing drain.
  6595 | D:6      | Reached * piety under Vehumet
  6595 | D:6      | Offered knowledge of Sting by Vehumet.
  6621 | Sewer    | Entered a sewer
  6718 | Sewer    | Noticed Purgy
  6720 | Sewer    | Killed Purgy
  7322 | D:6      | Reached skill level 9 in Earth Magic
  7537 | D:6      | Found a burning altar of Makhleb.
  7668 | D:6      | Found a shattered altar of Ashenzari.
  7943 | D:6      | Found a staircase to the Ecumenical Temple.
  8414 | D:7      | Reached XP level 9. HP: 45/45 MP: 10/19
  8508 | D:7      | Noticed Joseph
  8559 | D:7      | Found a sparkling altar of Nemelex Xobeh.
  8824 | D:7      | Reached skill level 10 in Earth Magic
  9250 | D:8      | Reached skill level 5 in Conjurations
  9260 | D:8      | Found a shadowy altar of Dithmenos.
  9471 | D:8      | Reached ** piety under Vehumet
  9473 | D:8      | Offered knowledge of Flame Tongue by Vehumet.
  9717 | D:8      | Reached skill level 11 in Earth Magic
  9728 | D:8      | Reached XP level 10. HP: 46/50 MP: 2/22
  9728 | D:8      | Offered knowledge of Mephitic Cloud by Vehumet.
 10050 | D:8      | Reached *** piety under Vehumet
 10503 | D:9      | Offered knowledge of Conjure Flame by Vehumet.
 10777 | D:9      | Reached skill level 12 in Earth Magic
 11388 | D:9      | Got a pair of ancient boots
 11432 | D:9      | Killed Joseph
 11560 | D:9      | Identified the +0 pair of boots of Ymnamm {rF+ Int-5 Dex+2} (You found it on level 9 of the Dungeon)
 11631 | D:9      | Noticed Psyche
 11634 | D:9      | Killed Psyche
 11634 | D:9      | Reached **** piety under Vehumet
 11634 | D:9      | Reached XP level 11. HP: 46/54 MP: 8/24
 11842 | D:9      | Found a basalt altar of Yredelemnul.
 11849 | D:9      | Reached skill level 13 in Earth Magic
 11861 | D:9      | Goblin1989: 0,18 релизнулась. тользо заметил...
 11868 | D:9      | Found a glowing golden altar of the Shining One.
 11869 | D:9      | ololoev: ага
 11869 | D:9      | ololoev: всех вышибло
 11869 | D:9      | ololoev: видимо перегрузили сервер
 11884 | D:9      | Goblin1989: You evolve.
 11884 | D:9      | Reached skill level 10 in Spellcasting
 11891 | D:9      | Offered knowledge of Iskenderun's Battlesphere by Vehumet.
 11893 | D:9      | Goblin1989: что за мутация такая?
 11895 | D:9      | ololoev: эволюция
 11895 | D:9      | ololoev: рандомно дает мутки
 11895 | D:9      | ololoev: или убирает
 11895 | D:9      | Goblin1989: еще раз первое
 11895 | D:9      | ololoev: хорошая штука в 90% случаев
 11895 | D:9      | Goblin1989: вылетел
 11895 | D:9      | ololoev: эволюция
 11895 | D:9      | ololoev: рандомно дает мутки
 11895 | D:9      | ololoev: или убирает
 11895 | D:9      | Goblin1989: стрелочкой вверх три раза нажать
 11895 | D:9      | Goblin1989: круто
 11895 | D:9      | Goblin1989: пасяба
 12076 | D:9      | Found an iron altar of Okawaru.
 12076 | D:9      | Found a bloodstained altar of Trog.
 12202 | D:9      | Noticed an angel
 12246 | D:10     | Entered Level 10 of the Dungeon
 12267 | D:10     | crauler: o hai mark
 12492 | D:10     | Noticed a deep elf mage
 12499 | D:10     | Killed a deep elf mage
 12563 | D:10     | crauler: +5 стафф
 12578 | D:10     | crauler: таким и потабать можно
 12590 | D:10     | ololoev: у джозефа отжал
 12740 | D:10     | Killed an unseen horror
 13147 | D:10     | Reached ***** piety under Vehumet
 13147 | D:10     | Offered knowledge of Fulminant Prism by Vehumet.
 13326 | D:10     | Found a deep blue altar of Sif Muna.
 13790 | D:11     | ololoev: все, я готов, давайте мне шаттер и негромут!
 14011 | D:11     | crauler: палку энергии нашел?
 14012 | D:11     | ololoev: нет
 14012 | D:11     | ololoev: визардрий
 14039 | D:11     | Found a staircase to the Lair.
 14043 | D:11     | Reached skill level 14 in Earth Magic
 14186 | D:12     | Noticed a hill giant
 14190 | D:12     | Killed a hill giant
 14254 | D:12     | Noticed a hill giant
 14259 | D:12     | Killed a hill giant
 14259 | D:12     | Reached XP level 12. HP: 59/59 MP: 4/27
 14420 | D:12     | Found a staircase to the Orcish Mines.
 14421 | D:12     | Found Amumyg's Weapon Emporium.
 14422 | D:12     | Found Epoofuev's Armour Emporium.
 15156 | D:12     | Noticed Frances
 15159 | D:12     | Goblin1989: это опять тот челендж названия которого я не помню?
 15162 | D:12     | ololoev: духз
 15252 | D:13     | Found a runed door.
 15252 | D:13     | Found a glowing golden altar of the Shining One.
 15254 | D:13     | Noticed a daeva
 15264 | D:13     | ololoev: да вы офигели!
 15264 | D:13     | Goblin1989: наш сервер раньше обновили :)
 15264 | D:13     | ololoev: сажать дэва за решетки в данже
 15264 | D:13     | ololoev: смайтофест блин!
 15354 | D:13     | jacquesderrida: OIIIIIII GOVNAR
 15354 | D:13     | jacquesderrida: MATEY
 15354 | D:13     | jacquesderrida: Бля...
 15354 | D:13     | jacquesderrida: Словинским лучше не упоминать таинственного GOV'NA с туманного альбиона
 15354 | D:13     | jacquesderrida: Они могут не так понять...
 15354 | D:13     | crauler: кто сказал ГОВНАРЬ?
 15354 | D:13     | crauler: https://www.youtube.com/watch?v=K76Vdzz3mk4&index=14&list=PLHcc6rUtu14Jlu5x48WibSY5dgLIfIj9X
 15354 | D:13     | jacquesderrida: Да, вот-вот...
 15354 | D:13     | jacquesderrida: ;^(
 15354 | D:13     | jacquesderrida: Прерванная любовь, лил
 15354 | D:13     | jacquesderrida: А ведь говнарик просто мог бы вместо одной баклахи виноградного дня купить контрацептивов...
 15354 | D:13     | jacquesderrida: И не прерывать любовь...
 15354 | D:13     | jacquesderrida: Эх, скаредные говнарики...........
 15354 | D:13     | jacquesderrida: https://www.youtube.com/watch?v=5PU_4Wh3CLQ
 15354 | D:13     | crauler: https://www.youtube.com/watch?v=PI3vv00kblo
 15354 | D:13     | crauler: возвращается такое лалиев, а тут чатик уже протек
 15354 | D:13     | crauler: *такой
 15354 | D:13     | ololoev: привет посоны
 15523 | D:13     | crauler: клан заводишь?
 15523 | D:13     | ololoev: пока нет еще, но планирую
 15523 | D:13     | ololoev: вон 0.18 открыли, надо в рц хоть прописаться
 15605 | D:13     | Offered knowledge of Ozocubu's Refrigeration by Vehumet.
 15638 | D:13     | Goblin1989: что-то мой ПК тупит сильно. просит прервать месячный аптайм видимо
 15638 | D:13     | jacquesderrida: * Scrolls of enchant armour & enchant weapon no longer remove curses.
 15638 | D:13     | jacquesderrida: Ебааааать, очередная meaningful версия!
 15638 | D:13     | crauler: да ты быстр
 15638 | D:13     | jacquesderrida: Достойные изменения! И утолщает чейнжлог! )))
 15638 | D:13     | jacquesderrida: Придурки какие, ебануться!
 15638 | D:13     | jacquesderrida: Аутисты!
 15638 | D:13     | jacquesderrida: Падлы!
 15638 | D:13     | Goblin1989: Кто быстр?
 15638 | D:13     | xeno23: лучше бы экстенд перепилили, петушки
 15638 | D:13     | Goblin1989: что случилось?
 15638 | D:13     | jacquesderrida: * Potions of cure mutation are slightly more common.
 15638 | D:13     | jacquesderrida: Вот это изменение!
 15638 | D:13     | jacquesderrida: В чейнджлоге версии .19 будет указано, что в среду pleasingfungus обосрался на лекции, а гамафанк съел просроченный гамбургер
 15638 | D:13     | jacquesderrida: * Potions of degeneration now cause 1-3 damage to every stat.!!!!!
 15638 | D:13     | jacquesderrida: Хуясе!!
 15638 | D:13     | jacquesderrida: * The Damnation card has been renamed to Exile.
 15638 | D:13     | jacquesderrida: o.o
 15638 | D:13     | crauler: >В чейнджлоге версии .19 будет указано, что в среду pleasingfungus обосрался на лекции, а гамафанк съел просроченный гамбургер
 15638 | D:13     | crauler: lol
 15638 | D:13     | ololoev: лол, гоббо напомнил про аптаймы
 15638 | D:13     | ololoev: посмотрел у себя, уже 3.5 месяца
 15803 | D:13     | Found a gate to the Vaults.
 15863 | D:13     | Noticed an ogre mage
 16001 | D:13     | Killed an ogre mage
 16001 | D:13     | Reached skill level 1 in Fighting
 16001 | D:13     | Reached skill level 15 in Earth Magic
 16403 | D:13     | ololoev: что с джейди?
 16403 | D:13     | ololoev: почему ему мерещатся просроченные гамбургеры?
 16610 | D:14     | crauler: ну типо что к следующим версиям девам уже будет совсем нечем заняться
 16610 | D:14     | crauler: напишут 0.21 и в ченджлоге добавят "гаммафанк устал"
 16610 | D:14     | crauler: и закончат на этом
 16610 | D:14     | crauler: >Idle
 16972 | D:14     | crauler: какая там команда для бота
 16972 | D:14     | crauler: чара сролить
 16972 | D:14     | crauler: !rng what?
 16972 | D:14     | ololoev: !nextchar вроде
 16972 | D:14     | ololoev: не помню
 17128 | D:14     | Noticed a catoblepas
 17137 | D:14     | Killed a catoblepas
 17364 | D:14     | Reached skill level 1 in Shields
 17970 | D:15     | Entered Level 15 of the Dungeon
 17985 | D:15     | Reached skill level 10 in Conjurations
 17986 | D:15     | Reached XP level 13. HP: 56/68 MP: 18/29
 18420 | D:15     | Got a polished halberd
 18421 | D:15     | Identified the +5 halberd "Deawef" {chop, rElec rF- rC+ Int+4} (You found it on level 15 of the Dungeon)
 18573 | D:15     | Reached skill level 16 in Earth Magic
 18640 | D:15     | Found a staircase to the Depths.
 18679 | D:15     | Gained mutation: Your mind is acute. (Int +2) [mutagenic meat]
 18680 | D:15     | Gained mutation: You have large cloven feet. [mutagenic meat]
 19215 | D:15     | Noticed Azrael
 19223 | D:15     | HP: 2/70 [fire elemental[Azrael] (3)]
 19225 | D:15     | Killed from afar by Azrael

Dungeon Overview and Level Annotations

Branches:
Dungeon (15/15)            Temple (0/1) D:6            Lair (0/8) D:11
    Orc (0/2) D:12         Vaults (0/5) D:13         Depths (0/5) D:15

Altars:
Ashenzari
Cheibriados
Dithmenos
Fedhas
Makhleb
Nemelex Xobeh
Okawaru
Sif Muna
Trog
Vehumet
Yredelemnul
The Shining One

Shops:
D:12 ([

Annotations:
D:12 Frances
D:13 1 runed door, exclusions: daeva, downstairs and 2 more exclusions
D:15 Azrael


Message History

You start resting.
HP restored.
You start resting.
Magic restored.
You open the door.
All of the chunks of flesh in your inventory have rotted away.
There is an open door here.
You open the door. 5 fire elementals and Azrael come into view.
You close the door.
Azrael opens the door.
Casting: Lee's Rapid Deconstruction
Confirm with . or Enter, or press ? or * to list all spells.
Aiming: Lee's Rapid Deconstruction
Press: ? - help, Dir - move target cursor, f - fire elemental Fragment what (e.g. wall or brittle monster)?: a fire elemental The door shatters!
The blast of rock fragments hits the fire elemental.
The fire elemental is severely damaged.
The blast of rock fragments hits Azrael.
Azrael is lightly wounded.
Unknown command.
Unknown command.
Unknown command.
Casting: Lee's Rapid Deconstruction
Confirm with . or Enter, or press ? or * to list all spells.
Aiming: Lee's Rapid Deconstruction
Press: ? - help, Dir - move target cursor, p - fire elemental That beam is likely to hit you.
Continue anyway?
The wall shatters!
The blast of rock fragments hits Azrael.
Azrael is moderately wounded.
You hear a roar!
The fire elemental hits you. The fire elemental burns you!
Unknown command.
Unknown command.
Unknown command.
You feel less protected.
b - 274 stones (in hand)
The fire elemental hits you. The fire elemental burns you!
Casting: Lee's Rapid Deconstruction
Confirm with . or Enter, or press ? or * to list all spells.
Aiming: Sandblast
Press: ? - help, Shift-Dir - straight line, f - fire elemental
Aim: a fire elemental (flame)
The rocky blast hits Azrael.
Azrael is moderately wounded.
Azrael hits you with a scimitar of flaming.
Azrael burns you. The fire elemental hits you. The fire elemental burns you!
Casting: Sandblast
Confirm with . or Enter, or press ? or * to list all spells.
Aiming: Sandblast
Press: ? - help, Shift-Dir - straight line, f/p - fire elemental
Aim: a fire elemental The rocky blast hits Azrael.
Azrael is moderately wounded.
The fire elemental completely misses you.
Azrael hits you with a scimitar of flaming!
Azrael burns you. The fire elemental hits you. The fire elemental burns you!
Read which item? (? for menu, Esc to quit)
As you read the scroll labeled QOZ SOYXODYOLI, it crumbles to dust.
You feel aware of your surroundings.
It was a scroll of magic mapping.
The fire elemental hits you. The fire elemental burns you!
The fire elemental barely misses you.
Azrael hits you with a scimitar of flaming!
Azrael burns you. The fire elemental hits you. The fire elemental burns you!
Drink which item? (? for menu, Esc to quit)
You feel much better. The fire elemental barely misses you.
The fire elemental hits you. The fire elemental burns you!
The fire elemental completely misses you.
Azrael completely misses you.
Drink which item? (? for menu, Esc to quit)
Okay, then.
The fire elemental hits you. The fire elemental burns you!
The fire elemental closely misses you. The fire elemental hits you.
The fire elemental burns you! Azrael gestures at you.
The bolt of fire hits the fire elemental.
The fire elemental completely resists.
The bolt of fire hits you!
You die...

You could see Azrael and 5 fire elementals.

Vanquished Creatures
  A catoblepas (D:14)
  A centaur warrior (D:15)
  2 ogre magi
  A deep troll (D:15)
  2 unseen horrors
  A deep elf archer (D:15)
  7 hill giants
  A mana viper (shapeshifter) (D:15)
  2 deep elf magi
  3 manticores
  An ugly thing (D:13)
  4 cyclopes
  Joseph (D:9)
  Psyche (D:9)
  2 centaur skeletons (D:15)
  A troll (D:11)
  A queen bee (D:10)
  2 two-headed ogres (D:13)
  A wolf spider simulacrum (D:15)
  2 shadows
  6 yaks
  2 wyverns
  2 wraiths
  4 hungry ghosts
  8 vampire mosquitoes
  6 hippogriffs
  A mottled dragon (D:12)
  A water moccasin (D:10)
  12 orc warriors
  4 ice beasts
  A sky beast (D:6)
  Purgy (Sewer)
  2 black bears
  An eye of draining (D:10)
  4 necrophages
  11 ogres
  5 phantoms
  19 centaurs
  3 boggarts (D:15)
  A crocodile (D:9)
  17 big kobolds
  6 giant frogs
  A wyvern zombie (D:9)
  2 scorpions
  14 killer bees (D:10)
  9 wights
  A howler monkey (D:9)
  2 crimson imps
  3 centaur zombies
  5 giant frog zombies
  3 orc priests
  6 hounds
  6 jellies
  2 gnoll shamans
  10 orc wizards
  3 iguanas
  12 worker ants
  4 sheep (D:12)
  A hound zombie (D:7)
  A hound skeleton (D:7)
  A worker ant zombie (D:8)
  11 gnolls
  15 adders
  2 river rats (D:11)
  2 shadow imps
  2 oozes
  An adder zombie (D:8)
  2 adder skeletons
  5 worms
  A dart slug (D:2)
  6 giant geckos
  45 orcs
  18 bats
  10 giant cockroaches
  7 hobgoblins
  5 jackals
  4 quokkas
  4 ball pythons
  6 giant newts
  10 goblins
  A jackal skeleton (D:4)
  33 kobolds
  A quokka skeleton (D:7)
  18 rats
449 creatures vanquished.

Vanquished Creatures (others)
  5 fungi (D:11)
  A plant (D:11)
6 creatures vanquished.

Grand Total: 455 creatures vanquished

Action                   |  1- 3 |  4- 6 |  7- 9 | 10-12 | 13-15 || total
-------------------------+-------+-------+-------+-------+-------++-------
Melee: Unarmed           |    18 |       |       |       |       ||    18
       Dagger            |    67 |   106 |    72 |     6 |       ||   251
       Quarterstaff      |       |       |       |   168 |       ||   168
       Short sword       |       |       |       |     6 |       ||     6
 Cast: Sandblast         |    20 |    45 |    32 |    72 |    42 ||   211
       Stone Arrow       |     6 |    45 |    77 |   149 |    23 ||   300
       Lee's Rapid Decon |       |       |    26 |   106 |    15 ||   147
  Use: Scroll            |     3 |     5 |     6 |     6 |     2 ||    22
       Potion            |       |       |       |       |     1 ||     1
 Stab: Sleeping          |     2 |     3 |       |       |       ||     5
  Eat: Chunk             |     2 |    17 |    22 |    44 |     7 ||    92
       Fruit             |       |       |     1 |       |       ||     1
       Royal jelly       |       |       |       |     1 |       ||     1
Armor: Robe              |    54 |    44 |    52 |   200 |    36 ||   386
       Troll leather arm |       |       |       |       |     9 ||     9
Dodge: Dodged            |    83 |    80 |    68 |   216 |    44 ||   491
Block: Other             |       |     2 |     9 |       |       ||    11

Vault maps used:
D:1:      onia_arrival_pentagram
D:2:      wad_river_or_something, minmay_fountain_box
D:3:      grunt_temple_overflow_diamond, lemuel_coloured_pillars_altar,
          grunt_decor_cap, grunt_ministairs_9
D:5:      first_bread, fedhas_altar_2
D:6:      temple_hall, basic_altar, gup_sewer_entry_glass,
          cheibrodos_ashenzari_chains
D:7:      basic_altar, uniq_joseph
D:8:      special_room, nicolae_dithmenos_shadow_blocks
D:9:      grunt_temple_overflow_holy_war, grunt_temple_overflow_bloody_war,
          uniq_psyche
D:10:     david_nohive_1, lemuel_blue_sif_altar
D:11:     grunt_lair_entry_orc_guard_hut, item_on_display_a
D:12:     statuecave_lemuel, orc_david_3, grunt_ministairs_5, minmay_bad_closet,
          uniq_frances
D:13:     david_vaults_2, kennysheep_doodads, lemuel_angel_altar
D:14:     hangedman_glass_teeth
D:15:     hangedman_depths_entry_civil_slaughter, minivault_27,
          minmay_misc_feat_chi, uniq_azrael
Sewer:    sewer_the_crocodile
